 Dungeon Crawl Stone Soup version 0.29-a0-700-g2f1814c7b2 (webtiles) character file.

Game seed: 1485731176593315509

0 blackman the Sneak (level 1, -1/17 (18) HPs)
             Began as a Human Delver on June 25, 2022.
             Slain by a scorpion (5 damage)
             ... on level 5 of the Dungeon.
             The game lasted 00:00:21 (32 turns).

blackman the Sneak (Human Delver)                     Turns: 32, Time: 00:00:22

HP:   -1/17 (18)    AC:  3    Str: 12    XL:     1   Next: 0%
MP:   1/1           EV: 12    Int: 10    God:
Gold: 0             SH:  0    Dex: 14    Spells: 0/0 levels left

rFire   . . .      SeeInvis .   a - +0 hand axe
rCold   . . .      Faith    .   (no shield)
rNeg    . . .      Spirit   .   b - +0 leather armour
rPois   .          Reflect  .   (no helmet)
rElec   .          Harm     .   (no cloak)
rCorr   .          Rampage  .   (no gloves)
Will    .....                   (no boots)
Stlth   +++.......              (no amulet)
HPRegen 0.05/turn               (no ring)
MPRegen 0.07/turn               (no ring)

@: drained
A: no striking features
a: no special abilities


You were on level 5 of the Dungeon.
You visited 1 branch of the dungeon, and saw 1 of its levels.

Inventory:

Hand Weapons
 a - a +0 hand axe (weapon)
Armour
 b - a +0 leather armour (worn)
Wands
 g - a wand of digging (2)
Scrolls
 c - a scroll of fog
 e - a scroll of fear
Potions
 f - a potion of haste


   Skills:
 + Level 3.0 Fighting
 + Level 2.0 Axes
 + Level 2.0 Dodging
 + Level 5.0 Stealth


You couldn't memorise any spells.
You didn't know any spells.
Your spell library was empty.

Dungeon Overview and Level Annotations

Branches:
Dungeon (5/15)
 Temple: D:4-7

Altars:
Fedhas


Message History

Found two stone staircases leading down.
As you read the scroll of magic mapping, it crumbles to dust.
You feel aware of your surroundings.
You sensed 3 altars.
Found 15 gold pieces.
Aiming: Dig
Press: ? - help, Shift-Dir - straight line A rock wall.
The rock shatters into small pieces.
A killer bee zombie and a necrophage come into view.
A killer bee zombie comes into view.
The killer bee zombie hits the plant.
The plant begins to die.
The killer bee zombie hits the plant.
The plant begins to die.
A necrophage comes into view.
Found a blossoming altar of Fedhas.
Something hits the plant.
An ogre comes into view. It is wielding a +0 giant club.
The necrophage attacks as you move away!
The necrophage barely misses you.
Something hits the plant.
Something hits the plant.
The plant begins to die.
The necrophage attacks as you move away!
The necrophage hits you.
The necrophage attacks as you move away!
The necrophage hits you.
You feel drained.
Found a bubbling green potion.
Found 5 curare-tipped darts.
The necrophage attacks as you move away!
The necrophage hits you.
The killer bee zombie attacks as you move away!
The killer bee zombie hits you.
A scorpion and an adder come into view.
Found a stone staircase leading up.
The killer bee zombie barely misses you.
The killer bee zombie barely misses you.
Found a leather armour.
The killer bee zombie closely misses you.
The killer bee zombie hits you.
* * * LOW HITPOINT WARNING * * *
The adder hisses angrily.
An orc comes into view. It is wielding a +0 short sword.
The scorpion stings you.
You die...

,#.,,#..###.#..#####..,,,,,,,,*
,#***#..###.##.#####********,**
,**,...O...........# *,**
,,*......#.O.n.....# ******,,*
,,,.####,##........# **,,,,,,,*
,,,,,*##.##O########**,.****,,*
,,,,,##.....n#.....##..#**,*,,*
,,,,,#.......n..<......#*,**,,*
,,,,..........Z.@......#,,**,,*
,,,,...........s.....##o,,*,,,*
,,,,#.............(^##,,,,**,,*
,,,*#......!..S.....#*_,,,,,,,*
****#...............#*,,,,**,,*
* #...............#**,,,*,,,* *
*#...............#,,,,**,,* *
*#...[.##.....#..***,**,,* *
***************,,*,**,,,*


You could see an ogre, 2 necrophages, a scorpion, an adder, an orc (asleep) and
a killer bee zombie.

Vanquished Creatures (others)
  6 plants (D:5)
6 creatures vanquished.

Notes
Turn   | Place    | Note
-------+----------+-------------------------------------------
     0 | D:5      | blackman the Human Delver began the quest for the Orb.
     0 | D:5      | Reached XP level 1. HP: 18/18 MP: 1/1
    13 | D:5      | Found a blossoming altar of Fedhas.
    13 | D:5      | Noticed a necrophage
    13 | D:5      | Noticed a necrophage
    14 | D:5      | Noticed an ogre
    27 | D:5      | Noticed a scorpion
    32 | D:5      | Slain by a scorpion

Illustrated notes

Levels and vault maps discovered:
D:5:      layout_rooms, fedhas_altar_decomposition,
          nicolae_qazlal_general_emergency, minmay_ruined_shrine

Action                   || total
-------------------------++-------
Evoke: Wand              ||     1
  Use: Scroll            ||     1
Dodge: Dodged            ||     4

Table legend: (Time is in decaauts)
 A = Elapsed time spent in this place.
 B = Non-inter-level travel time spent in this place.
 C = Inter-level travel time spent in this place.
 D = Time resting spent in this place.
 E = Time spent auto-exploring this place.
 F = Levels seen in this place.
 G = Mean time per level.
                   A        B        C        D        E       F      G
               +--------+--------+--------+--------+--------+-----+--------+
         Total |     32 |     32 |      0 |      0 |      0 |   1 |   32.0 |
       Dungeon |     32 |     32 |      0 |      0 |      0 |   1 |   32.0 |
               +--------+--------+--------+--------+--------+-----+--------+

Top non-repeatable levels by time:
     D:5: 32 daAuts
